cohdb
Replays
Latest Replays
All Replays
Popular Replays
Top Player Replays
Match Explorer
How It Works
Community
CoH3 Stats
Reddit
Sign in to upload your games and track your stats! →
Sign in with Steam
Match 41459470
Unlisted
Match 41459470
Overview
Messages
Build Orders
End
250 Light Carrier
Selects Panzerjäger Kommand Battlegroup
Panzergrenadier Squad
Panzergrenadier Squad
Construct Light Support Kompanie
MG34 Team
Panzerjäger Squad
Selects Mine Fields
Selects Tank Busters
Panzerjäger Mechanized Group
2.5-tonne Medical Truck
Selects Crew Shock Tactics
Fire Support Elements
Combat Half-tracks
Flakvierling Half-track
Pak 38 Anti-tank Gun Team
Construct Panzerarmee Kommand
2.5-tonne Medical Truck
Selects Early Warning
Selects Butterfly Bomb Drop
Early Warning
Butterfly Bomb Drop
Crew Shock Tactics
le.IG 18 Mechanized Group
Panzer III L Medium Tank
Panzer III L Medium Tank
Butterfly Bomb Drop
Panzer III L Medium Tank
Emergency Repair Kits
Butterfly Bomb Drop
Pak 38 Anti-tank Gun Team
Butterfly Bomb Drop
Panzer III L Medium Tank
Selects Elefant Tank Destroyer
Elefant Tank Destroyer
Flakvierling Half-track
Butterfly Bomb Drop
Flakvierling Half-track
Assault Mechanized Group
Butterfly Bomb Drop
Panzer III L Medium Tank
Pak 38 Anti-tank Gun Team
le.IG 18 Support Gun Team
Butterfly Bomb Drop
Naveed #No2IRGC
SK4F6
Fhilly
Madbirmy
Oroszlan
Rum
Cowboy10k
Jblanco01
0
0
Comments
sign in to comment!
No comments posted yet!